 Dungeon Crawl Stone Soup version 0.30-a0-782-ge64f9170bb (webtiles) character file.

Game seed: 10218218033161569848

15241 funkygono the Thaumaturge (level 12, 0/62 HPs)
             Began as a Gargoyle Fire Elementalist on Feb 20, 2023.
             Was a Priest of Sif Muna.
             Killed from afar by an ice statue (22 damage)
             ... with a shard of ice
             ... in an ice cave.
             The game lasted 00:27:04 (14911 turns).

funkygono the Thaumaturge (GrFE)                   Turns: 14911, Time: 00:27:05

Health: 0/62       AC: 27    Str: 12    XL:     12   Next: 24%
Magic:  22/27      EV: 13    Int: 27    God:    Sif Muna [***...]
Gold:   391        SH:  5    Dex: 10    Spells: 20/34 levels left

rFire   . . .      SeeInvis .    N - +0 demon whip (venom)
rCold   . . .      Faith    .    (no shield)
rNeg    + . .      Spirit   .    J - +0 steam dragon scales
rPois   ∞          Reflect  +    h - +2 helmet
rElec   +          Harm     .    B - +1 cloak
rCorr   .          Rampage  .    C - +2 pair of gloves {infuse}
Will    .....                    E - +0 pair of boots
Stlth   ++                       u - amulet of reflection
HPRegen 0.30/turn                r - +4 ring of protection
MPRegen 0.20/turn                A - +6 ring of intelligence

@: no status effects
A: sickness immunity, AC +8, negative energy resistance 1, electricity
resistance, torment resistance 1, petrification resistance
a: Renounce Religion, Channel Magic, Forget Spell


You were in an ice cave.
You worshipped Sif Muna.
Sif Muna was most pleased with you.
You visited 2 branches of the dungeon, and saw 11 of its levels.
You also visited: Sewer and Ice Cave.

You collected 601 gold pieces.
You spent 210 gold pieces at shops.

Inventory:

Hand Weapons
 j - a +1 flail of protection
 o - a +1 whip of freezing
 N - a +0 demon whip of venom (weapon)
 Q - a +2 mace of holy wrath
Armour
 h - a +2 helmet (worn)
 v - a +1 leather armour of cold resistance
 B - a +1 cloak (worn)
 C - a +2 pair of gloves of infusion (worn)
 E - a +0 pair of boots (worn)
 J - +0 steam dragon scales (worn)
Magical Staves
 l - a staff of earth
 n - a staff of death
Jewellery
 r - a +4 ring of protection (left hand)
 u - an amulet of reflection (around neck)
 w - a ring of resist corrosion
 A - a +6 ring of intelligence (right hand)
Wands
 t - a wand of roots (8)
 G - a wand of paralysis (5)
Scrolls
 d - 7 scrolls of teleportation
 f - 8 scrolls of identify
 x - a scroll of brand weapon
 D - 5 scrolls of fog
 M - a scroll of fear
 P - a scroll of blinking
 R - a scroll of poison
Potions
 a - a potion of mutation
 e - 3 potions of brilliance
 m - 4 potions of haste
 s - a potion of might
 z - 6 potions of cancellation
 F - a potion of flight
 K - 2 potions of curing
 O - a potion of ambrosia


   Skills:
 + Level 2.0 Fighting
 + Level 2.2 Maces & Flails
 + Level 1.2 Armour
 + Level 4.1 Dodging
 - Level 2.1 Stealth
 + Level 3.2 Shields
 + Level 11.7 Spellcasting
 + Level 8.9 Conjurations
 + Level 0.1 Translocations
 + Level 11.3 Fire Magic
 + Level 0.1 Air Magic
 + Level 1.0 Invocations


You had 20 spell levels left.
You knew the following spells:

 Your Spells              Type           Power      Damage    Failure   Level
a - Foxfire               Conj/Fire      100%       2x1d9     1%          1
b - Scorch                Fire           100%       2d10      1%          2
c - Kindle Blastsparks    Fire/Tloc/Air  72%        2d16      2%          3
d - Flame Wave            Conj/Fire      63%        2d15      1%          4
e - Airstrike             Air            8%         2d(2-18)  34%         4

Your spell library contained the following spells:

 Spells                   Type           Power      Damage    Failure   Level
 Kiss of Death            Conj/Necr      100%       2d13      1%          1
 Shock                    Conj/Air       100%       1d9       1%          1
 Hailstorm                Conj/Ice       40%        3d10      1%          3
 Inner Flame              Hex/Fire       46%        N/A       1%          3
 Freeze                   Ice            60%        1d7       3%          1
 Ensorcelled Hibernation  Hex/Ice        30%        N/A       5%          2
 Confusing Touch          Hex            15%        N/A       11%         3
 Frozen Ramparts          Ice            30%        1d5       11%         3
 Spider Form              Tmut/Pois      15%        N/A       11%         3
 Swiftness                Air            16%        N/A       11%         3
 Irradiate                Conj/Tmut      20%        3d18      16%         5
 Anguish                  Hex/Necr       7%         N/A       34%         4
 Animate Dead             Necr           15%        N/A       34%         4
 Dispel Undead            Necr           15%        3d10      34%         4
 Ice Form                 Ice/Tmut       15%        N/A       34%         4
 Leda's Liquefaction      Hex/Erth       7%         N/A       34%         4
 Petrify                  Tmut/Erth      15%        N/A       34%         4
 Summon Ice Beast         Ice/Summ       15%        N/A       34%         4
 Lee's Rapid Deconstruct  Erth           7%         3d7*      69%         5
 Simulacrum               Ice/Necr       7%         N/A       99%         6
 Enfeeble                 Hex            7%         N/A       100%        7
 Haunt                    Necr/Summ      7%         N/A       100%        7
 Infestation              Necr           7%         N/A       100%        8
 Sublimation of Blood     Necr           Unusable   N/A       N/A         2
 Statue Form              Tmut/Erth      Unusable   N/A       N/A         6

Dungeon Overview and Level Annotations

Branches:
Dungeon (10/15)            Temple (0/1) D:6            Lair (1/5) D:9
    Orc (0/2) D:10          Sewer (visited)           IceCv (1/1)

Altars:
Dithmenos
Elyvilon
Gozag
Hepliaklqana
Nemelex Xobeh
Sif Muna
Xom
Zin

Shops:
D:4 :   D:6 *

Annotations:
D:8 1 transporter IceCv exclusion: ice statue


Innate Abilities, Weirdness & Mutations

You are immune to sickness and miasma.
Your stone body is resilient. (AC +8)
You are immune to poison.
You resist negative energy. (rN+)
You are resistant to electric shocks. (rElec)
You are resistant to unholy torment.
You are immune to petrification.


Message History

Okay, then.
Okay, then.
Really walk into a travel-excluded area?
Uppercase [Y]es or [N]o only, please.
Really walk into a travel-excluded area?
Okay, then.
Okay, then.
Really walk into a travel-excluded area?
Uppercase [Y]es or [N]o only, please.
Really walk into a travel-excluded area?
The ice statue gestures at you. The freezing blast engulfs you!
You are engulfed in freezing vapours.
You are engulfed in freezing vapours.
The ice statue gestures.
The ice statue gestures at you. The shard of ice hits you!
You barely miss the ice beast. The ice beast misses you.
The ice beast hits you but does no damage.
Casting: Foxfire (safe; 1% risk of failure)
Confirm with . or Enter, or press ? or * to list all spells.
Casting: Flame Wave (dangerous; 1% risk of failure)
Press: ? - help, Dir - look around, f - activate A wave of flame ripples out!
The flame wave engulfs the ice beast!
The ice beast melts!
The ice beast is moderately wounded.
The flame wave engulfs the ice statue!
The ice statue melts!
The ice statue is moderately damaged. (Press . to intensify the flame waves.)
You hear a bellow!
The ice beast hits you but does no damage.
Unknown command.
A wave of flame ripples out!
The flame wave engulfs the ice beast!
The ice beast melts!
The ice beast is almost dead.
The flame wave engulfs the ice statue!!
The ice statue melts!
The ice statue is heavily damaged.
The ice statue gestures at you. The shard of ice hits you!!
You die...

###..#..##..##
##...###.#.## ##.##
#.#..# ### ##...#
##...## ##....# ###
#### #.....# #.##
###..####....###.8#
##....##....###Y@.##
....#.......##.....##
...###.....°##......#
..##
###...#.....##..# ###
##........# #.#
#........## ..#
##.......# .#
##.....## # ##....#


You could see an ice statue and an ice beast (summoned).

Vanquished Creatures
  Fannar (D:10)
  A two-headed ogre (D:9)
  3 death yaks (IceCv)
  Amaemon (D:8)
  A cane toad (Lair:1)
  Joseph (D:8)
  Maggie (D:8)
  A gargoyle (D:10)
  2 komodo dragons
  An orange demon (D:8)
  3 rime drakes
  3 polar bears (IceCv)
  3 trolls
  2 hornets
  Prince Ribbit (D:8)
  3 wyverns
  A shadow (D:10)
  10 yaks
  Eustachio (D:5)
  A steam dragon (D:9)
  5 water moccasins
  A sky beast (D:8)
  2 orc warriors
  An ice beast (D:8)
  4 black bears
  3 wolves (IceCv)
  3 centaurs
  An ogre (D:6)
  2 kobold brigands
  8 bullfrogs
  3 gnoll sergeants
  A scorpion (D:7)
  A necrophage (D:4)
  3 wights (D:10)
  13 killer bees
  8 howler monkeys
  A gnoll bouda (D:7)
  4 hounds
  2 jellies
  An orc priest (D:5)
  6 orc wizards
  Robin (D:2)
  11 adders
  35 gnolls
  7 river rats
  A white imp (D:8)
  2 worms (D:3)
  4 dart slugs
  52 orcs
  9 ball pythons
  7 endoplasms
  7 giant cockroaches
  12 goblins
  11 hobgoblins
  19 jackals
  5 quokkas
  6 bats
  10 frilled lizards
  16 kobolds
  10 rats
  A butterfly (D:5)
340 creatures vanquished.

Vanquished Creatures (collateral kills)
  8 foxfires (D:4)
8 creatures vanquished.

Vanquished Creatures (others)
  1110 foxfires
  43 fungi (D:9)
  56 plants (D:9)
1209 creatures vanquished.

Grand Total: 1557 creatures vanquished

Notes
Turn   | Place    | Note
-------+----------+-------------------------------------------
     0 | D:1      | funkygono the Gargoyle Fire Elementalist began the quest
                  | for the Orb.
     0 | D:1      | Reached XP level 1. HP: 10/10 MP: 3/3
   146 | D:1      | Found a faded altar of an unknown god.
   251 | D:1      | Reached XP level 2. HP: 15/15 MP: 0/5
   255 | D:1      | Learned a level 2 spell: Scorch
  1254 | D:1      | Reached XP level 3. HP: 13/19 MP: 1/6
  1260 | D:1      | Learned a level 3 spell: Kindle Blastsparks
  1521 | D:2      | Noticed Robin
  1528 | D:2      | Killed Robin
  1803 | D:2      | Reached XP level 4. HP: 24/24 MP: 3/7
  1950 | D:2      | Found a sparkling altar of Nemelex Xobeh.
  2755 | D:3      | Found a glowing drain.
  2759 | D:3      | Reached XP level 5. HP: 28/28 MP: 0/9
  2791 | Sewer    | Entered a sewer
  3423 | Sewer    | Reached XP level 6. HP: 33/33 MP: 7/10
  3428 | Sewer    | Learned a level 4 spell: Flame Wave
  3891 | D:3      | You fall into a shaft and drop 1 floor!
  3921 | D:4      | Found a hazy altar of Hepliaklqana.
  3972 | D:4      | Found Qylef's Book Shop.
  4197 | D:3      | Reached skill level 5 in Fire Magic
  4227 | D:3      | Found an opulent altar of Gozag.
  4894 | D:4      | Reached XP level 7. HP: 37/37 MP: 8/12
  6017 | D:4      | Reached skill level 1 in Fighting
  6017 | D:4      | Reached skill level 5 in Spellcasting
  6154 | D:4      | Reached XP level 8. HP: 43/43 MP: 2/15
  6296 | D:4      | Noticed a wyvern
  6920 | D:4      | Killed a wyvern
  6999 | D:5      | Entered Level 5 of the Dungeon
  7007 | D:5      | Found a shimmering altar of Xom.
  7115 | D:5      | Found a glowing silver altar of Zin.
  7576 | D:5      | Noticed Eustachio
  7583 | D:5      | Killed Eustachio
  8061 | D:6      | Reached skill level 5 in Conjurations
  8171 | D:6      | Found a white marble altar of Elyvilon.
  8172 | D:6      | Found a shadowy altar of Dithmenos.
  8176 | D:6      | Found a shimmering blue altar of Sif Muna.
  8181 | D:6      | Became a worshipper of Sif Muna the Loreminder
  8466 | D:6      | Noticed a komodo dragon
  8475 | D:6      | Killed a komodo dragon
  8476 | D:6      | Reached XP level 9. HP: 47/47 MP: 10/19
  8481 | D:6      | Learned a level 4 spell: Airstrike
  8648 | D:6      | Found a staircase to the Ecumenical Temple.
  8912 | D:6      | Found Sowk's Assorted Antiques.
  8923 | D:6      | Bought a pair of runed gloves for 210 gold pieces
  9185 | D:7      | Noticed a hornet
  9191 | D:7      | Killed a hornet
  9197 | D:7      | Noticed a hornet
  9212 | D:6      | Killed a hornet
  9213 | D:6      | Reached skill level 1 in Shields
  9759 | D:7      | Reached * piety under Sif Muna
 10037 | D:8      | Noticed Amaemon
 10037 | D:8      | Noticed an orange demon
 10041 | D:8      | Noticed Maggie
 10049 | D:7      | Reached XP level 10. HP: 34/52 MP: 8/22
 10174 | D:8      | Noticed Prince Ribbit
 10273 | D:8      | Killed Prince Ribbit
 10309 | D:8      | Killed Maggie
 10541 | D:8      | Noticed Joseph
 10555 | D:8      | Killed Joseph
 10556 | D:8      | Reached skill level 1 in Armour
 10746 | D:8      | Reached ** piety under Sif Muna
 11013 | D:8      | Found a sparkling altar of Nemelex Xobeh.
 11013 | D:8      | Found a transporter.
 11013 | D:8      | Noticed a manticore
 11014 | D:8      | Noticed a centaur warrior
 11113 | D:8      | Killed Amaemon
 11113 | D:8      | Killed an orange demon
 11402 | D:8      | Reached skill level 10 in Spellcasting
 11402 | D:8      | Reached XP level 11. HP: 56/56 MP: 18/25
 11658 | D:9      | Noticed a two-headed ogre
 11665 | D:9      | Killed a two-headed ogre
 11913 | D:9      | Reached skill level 10 in Fire Magic
 12069 | D:9      | Found a staircase to the Lair.
 12232 | D:9      | Reached skill level 1 in Maces & Flails
 12556 | D:10     | Entered Level 10 of the Dungeon
 12842 | D:10     | Found a staircase to the Orcish Mines.
 12867 | D:10     | Noticed Fannar
 12880 | D:10     | Killed Fannar
 13450 | D:10     | Reached *** piety under Sif Muna
 13798 | Lair:1   | Entered Level 1 of the Lair of Beasts
 14043 | Lair:1   | Found a frozen archway.
 14058 | IceCv    | Entered an ice cave
 14137 | IceCv    | Reached XP level 12. HP: 56/62 MP: 3/27
 14274 | IceCv    | Noticed a death yak
 14274 | IceCv    | Noticed a death yak
 14289 | IceCv    | Killed a death yak
 14290 | IceCv    | Killed a death yak
 14442 | IceCv    | Noticed a death yak
 14456 | IceCv    | Killed a death yak
 14457 | IceCv    | Reached skill level 1 in Invocations
 14911 | IceCv    | Killed from afar by an ice statue

Illustrated notes

Levels and vault maps discovered:
D:1:      dpeg_arrival_fog, layout_loops_ring, nicolae_ecumenical_lake_church,
          chequers_decorated_corner
D:2:      layout_loops_cross, basic_altar, eino_tiny_chamber, uniq_robin
D:3:      layout_rooms, grunt_gozag_breadcrumbs, portal_sewer_entry_b
D:4:      lemuel_castle_with_subvaults [lemuel_castle_interior_original],
          layout_loops_ring, worldfamousw_hep_ancestral_shrine, serial_shops,
          shop
D:5:      layout_loops_corners, nicolae_overflow_crystal_walls, xom_butterflies,
          uniq_eustachio
D:6:      layout_loops_corners, minitemple, minmay_temple_entry_slanted,
          serial_shops, nicolae_lakefront_shop
D:7:      layout_gridville, serial_park_tiny_pond
D:8:      layout_loops_ring, grunt_nemelex_the_gamble, uniq_joseph,
          uniq_prince_ribbit1, uniq_maggie, uniq_amaemon
D:9:      layout_layer_cave, due_lair_maze_entry_diamond, serial_rivers,
          chequers_serial_rivers_large_a, chequers_serial_rivers_room_b,
          chequers_serial_rivers_small_b, chequers_serial_rivers_marsh,
          chequers_serial_rivers_micro_d, chequers_serial_rivers_micro_c
D:10:     layout_loops_ring, orc_0_dummy, dk_noncrumbling_3, uniq_fannar
Lair:1:   layout_cave_pods, portal_ice_cave_rime, infiniplex_staircase_pool
IceCv:    ice_cave_small_giant

Skill      XL: |  1  2  3  4  5  6  7  8  9 10 11 12 |
---------------+-------------------------------------+-----
Conjurations   | 2 3 4 5 6 7 8 |  8.9
Fire Magic     | 4 5 7 8 9 11 | 11.3
Dodging        | 2 3 4 |  4.1
Spellcasting   | 3 5 6 8 10 11 | 11.7
Fighting       | 1 2 |  2.0
Shields        | 1 2 3 |  3.2
Armour         | 1 |  1.2
Maces & Flails | 1 2 |  2.2
Invocations    | 1 |  1.0
Stealth        | |  2.1
Translocations | |  0.1
Air Magic      | |  0.1

Action                     |  1- 3 |  4- 6 |  7- 9 | 10-12 || total
---------------------------+-------+-------+-------+-------++-------
  Melee: Unarmed           |     4 |       |       |       ||     4
         Club              |     2 |     4 |       |       ||     6
         Whip              |       |     9 |     9 |     4 ||    22
         Demon whip        |       |       |       |    39 ||    39
   Cast: Foxfire           |    64 |   155 |   222 |   229 ||   670
         Scorch            |     4 |    14 |    38 |    49 ||   105
         Kindle Blastspark |       |       |     2 |       ||     2
         Flame Wave        |       |       |     5 |    33 ||    38
 Invoke: Channel Magic     |       |       |       |     1 ||     1
    Use: Scroll            |       |       |    16 |     6 ||    22
         Potion            |       |       |     1 |     3 ||     4
 Armour: Robe              |    16 |    20 |    22 |       ||    58
         Leather armour    |       |       |     7 |     5 ||    12
         Steam dragon scal |       |       |       |   100 ||   100
  Dodge: Dodged            |    33 |    44 |    38 |    98 ||   213
  Block: Other             |       |     2 |    20 |    47 ||    69
         Reflection        |       |       |       |     2 ||     2

Table legend: (Time is in decaauts)
 A = Elapsed time spent in this place.
 B = Non-inter-level travel time spent in this place.
 C = Inter-level travel time spent in this place.
 D = Time resting spent in this place.
 E = Time spent auto-exploring this place.
 F = Levels seen in this place.
 G = Mean time per level.
                   A        B        C        D        E       F      G
               +--------+--------+--------+--------+--------+-----+--------+
         Total |  15017 |  14635 |    382 |    972 |  10186 |  13 | 1155.2 |
       Dungeon |  13019 |  12637 |    382 |    871 |   8865 |  10 | 1301.9 |
          Lair |    259 |    259 |      0 |     64 |      7 |   1 |  259.0 |
         Sewer |    885 |    885 |      0 |      0 |    674 |   1 |  885.0 |
      Ice Cave |    853 |    853 |      0 |     37 |    640 |   1 |  853.0 |
               +--------+--------+--------+--------+--------+-----+--------+

Top non-repeatable levels by time:
     D:4: 2639 daAuts
     D:1: 1394 daAuts
     D:6: 1235 daAuts
     D:7: 1212 daAuts
     D:2: 1174 daAuts
    D:10: 1136 daAuts
     D:8: 1106 daAuts
     D:9: 1074 daAuts
     D:5: 1056 daAuts
     D:3: 988 daAuts
   Sewer: 885 daAuts
   IceCv: 853 daAuts
  Lair:1: 259 daAuts
